 Dungeon Crawl Stone Soup version 0.18-a0-1435-gee79d65 (webtiles) character file.

92 Goblin1989 the Chopper (level 4, -6/33 HPs)
             Began as a Demonspawn Gladiator on Feb 28, 2016.
             Killed by nerve-wracking pain
             ... invoked by Grinder
              (10 damage)
             ... on level 3 of the Dungeon.
             The game lasted 00:04:57 (2394 turns).

Goblin1989 the Chopper (Demonspawn Gladiator)       Turns: 2394, Time: 00:04:58

Health: -6/33      AC:  6    Str: 15    XL:     4   Next: 35%
Magic:  0/4        EV: 11    Int:  9    God:
Gold:   52         SH:  0    Dex: 15    Spells: 0 memorised, 3 levels left

rFire  + . .     SeeInvis +     a - +0 war axe
rCold  + . .     Gourm    .     n - +0 ring mail
rNeg   . . .     Faith    .     (no shield)
rPois  .         Spirit   +     c - +0 helmet
rElec  .         Dismiss  .     (no cloak)
rCorr  .         Reflect  .     (no gloves)
SustAt .         Harm     .     (no boots)
MR     .....                    e - amulet of guardian spirit
Stlth  +.........               r - ring of see invisible
                                k - ring of protection from cold

@: not resistant to hostile enchantments, very unstealthy
A: fire resistance 1
a: no special abilities


You were on level 3 of the Dungeon.
You were not hungry.

You visited 1 branch of the dungeon, and saw 3 of its levels.

You collected 52 gold pieces.

Inventory:

Hand Weapons
 a - a +0 war axe (weapon)
Missiles
 d - 3 throwing nets (quivered)
Armour
 c - a +0 helmet (worn)
 n - a +0 ring mail (worn)
 s - a +0 scale mail
Jewellery
 e - an amulet of guardian spirit (around neck)
 k - a ring of protection from cold (left hand)
 r - a ring of see invisible (right hand)
Scrolls
 g - 2 scrolls of random uselessness {unknown}
 h - a scroll of enchant weapon {unknown}
 i - 4 scrolls of identify {unknown}
 m - a scroll of remove curse {unknown}
 o - 2 scrolls of fog {unknown}
Potions
 b - 2 potions of resistance {unknown}
 j - a potion of might {unknown}
 l - a potion of curing {unknown}
 q - a potion of haste {unknown}
Comestibles
 f - 2 bread rations
 p - a beef jerky
 t - 4 chunks of flesh


   Skills:
 - Level 2.0 Fighting
 * Level 4.7 Axes
 - Level 1.7 Throwing
 - Level 2.6 Dodging


You had 3 spell levels left.
You didn't know any spells.

Dungeon Overview and Level Annotations

Branches:
Dungeon (3/15)

Altars:
Xom

Annotations:
D:3 Grinder


Innate Abilities, Weirdness & Mutations

Your flesh is heat resistant.


Message History

Grinder hits you but does no damage. Grinder hits you but does no damage. x2
You can move again.
Grinder hits you but does no damage. Grinder gestures at you.
Pain shoots through your body! Grinder gestures at you.
Pain shoots through your body!
Grinder gestures.
Grinder blinks!
You closely miss Grinder. Grinder hits you.
* * * LOW HITPOINT WARNING * * *
You writhe in agony.
* * * LOW HITPOINT WARNING * * *
You barely miss Grinder. Grinder hits you but does no damage.
You hit Grinder.
Grinder is lightly wounded.
Grinder gestures at you. Pain shoots through your body!
You die...

#########.#
#########(#
#...5.....#
#.#########
#.# #.# #.#
#.#
#######@#
#.....5.#
#.#######
#.# #.
#.#####
#..#.....#
#..#####.#
#......#.#
#........#


You could see Grinder.

Vanquished Creatures
  3 adders (D:2)
  An ooze (D:1)
  2 worms (D:3)
  2 giant geckos (D:2)
  3 giant cockroaches
  6 goblins
  7 hobgoblins
  8 jackals
  4 kobolds
  A ball python (D:2)
  4 bats
  3 giant newts
  6 rats
  A bush (D:1)
51 creatures vanquished.

Notes
Turn   | Place    | Note
--------------------------------------------------------------
     0 | D:1      | Goblin1989 the Demonspawn Gladiator began the quest for the Orb.
     0 | D:1      | Reached XP level 1. HP: 16/16 MP: 1/1
   130 | D:1      | Reached skill level 3 in Axes
   540 | D:1      | Gained mutation: Your flesh is heat resistant. [demonic ancestry]
   540 | D:1      | Reached XP level 2. HP: 16/22 MP: 2/2
  1426 | D:2      | Reached XP level 3. HP: 24/27 MP: 3/3
  1467 | D:2      | Reached skill level 4 in Axes
  1936 | D:2      | Reached XP level 4. HP: 31/33 MP: 4/4
  2105 | D:2      | Found a shimmering altar of Xom.
  2353 | D:3      | Noticed Grinder
  2373 | D:3      | Paralysed by Grinder for 6 turns
  2394 | D:3      | Killed from afar by Grinder

Vault maps used:
D:1:      dpeg_arrival_snail, serial_forest, infiniplex_forest_diagonal,
          infiniplex_forest_fountain, infiniplex_forest_clump_small,
          infiniplex_forest_zigzag_2, infiniplex_forest_diagonal,
          infiniplex_forest_lined_room_2, infiniplex_forest_clump_long
D:2:      tgw_xom
D:3:      nrook_uturn, minmay_misc_feat_x, minmay_misc_feat_encased, uniq_iyjb,
          uniq_robin, uniq_grinder

Skill      XL: |  1  2  3 |
---------------+----------+-----
Axes           | 3 4 |  4.7
Fighting       | |  2.0
Throwing       | |  1.7
Dodging        | |  2.6

Action                   |  1- 3 |  4- 6 || total
-------------------------+-------+-------++-------
Melee: War axe           |   245 |    35 ||   280
  Eat: Royal jelly       |     1 |       ||     1
       Chunk             |       |     3 ||     3
